 Dungeon Crawl Stone Soup version 0.30-a0-956-gcec3b41aec (webtiles) character file.

Game seed: 3877972228106638962

5523 Shard1697 the Cleaver (level 11, -1/90 HPs)
             Began as a Formicid Fighter on Mar 29, 2023.
             Was a Priest of Makhleb.
             Slain by Snorg (14 damage)
             ... on level 9 of the Dungeon.
             The game lasted 00:12:18 (8855 turns).

Shard1697 the Cleaver (Formicid Fighter)            Turns: 8855, Time: 00:12:19

Health: -1/90      AC: 13    Str: 26    XL:     11   Next: 1%
Magic:  15/15      EV: 16    Int:  8    God:    Makhleb [***...]
Gold:   572        SH: 10    Dex: 14    Spells: 10/10 levels left

rFire   . . .      SeeInvis +    a - +1 war axe
rCold   . . .      Faith    +    B - +0 kite shield
rNeg    . . .      Spirit   .    G - +0 plate armour
rPois   .          Reflect  .    (helmet unavailable)
rElec   .          Rampage  .    (no cloak)
rCorr   .                        (no gloves)
Will    +....                    (no boots) Stlth
                                 i - amulet of faith
HPRegen 0.35/turn                h - +5 ring of evasion
MPRegen 0.14/turn                z - +5 ring of evasion

@: mighty, unable to drink
A: permanent stasis, dig shafts and tunnels, antennae 3, four strong arms,
iridescent scales 1, mutation resistance 1, strong 1, inability to drink after
injury 1
a: Dig, Shaft Self, Renounce Religion, Minor Destruction, Lesser Servant of
Makhleb


You were on level 9 of the Dungeon.
You worshipped Makhleb.
Makhleb was most pleased with you.
You visited 2 branches of the dungeon, and saw 11 of its levels.

You collected 572 gold pieces.

Inventory:

Hand Weapons
 a - a +1 war axe (weapon)
 b - a +2 whip of electrocution
 u - a +0 morningstar of venom
Armour
 B - a +0 kite shield (worn)
 G - a +0 plate armour (worn)
Jewellery
 h - a +5 ring of evasion (left hand)
 i - an amulet of faith (around neck)
 l - an amulet of regeneration
 q - a ring of fire
 z - a +5 ring of evasion (right hand)
Wands
 v - a wand of roots (15)
 A - a wand of flame (26)
Scrolls
 m - 3 scrolls of magic mapping
 n - 2 scrolls of blinking {unknown}
 s - a scroll of enchant weapon
 t - 6 scrolls of teleportation {unknown}
 x - a scroll of fear {unknown}
 y - a scroll of acquirement {unknown}
 D - a scroll of enchant armour {unknown}
 E - a scroll of amnesia {unknown}
Potions
 d - a potion of might
 e - 3 potions of curing
 f - a potion of resistance
 g - 2 potions of mutation
 j - 2 potions of heal wounds
 k - 2 potions of degeneration
 o - a potion of cancellation
 p - 4 potions of lignification {unknown}
 r - 2 potions of attraction
 w - a potion of berserk rage {unknown}
 C - a potion of flight
 F - a potion of brilliance {unknown}


   Skills:
 - Level 10.0 Fighting
 * Level 11.0 Axes
 - Level 3.2 Armour
 + Level 7.5 Shields
 + Level 6.5 Invocations


You had 10 spell levels left.
You didn't know any spells.
Your spell library contained the following spells:

 Spells                   Type           Power      Damage    Failure   Level
 Beastly Appendage        Tmut           0%         N/A       100%        1
 Kiss of Death            Conj/Necr      0%         2d5       100%        1
 Shock                    Conj/Air       0%         1d3       100%        1
 Cigotuvi's Dreadful Rot  Necr/Pois/Air  0%         N/A       100%        2
 Wereblood                Tmut           0%         N/A       100%        2
 Hailstorm                Conj/Ice       0%         3d3       100%        3
 Spider Form              Tmut/Pois      0%         N/A       100%        3
 Airstrike                Air            0%         2d(0-16)  100%        4
 Sticky Flame             Conj/Fire      0%         2d3       100%        4
 Swiftness                Air            Unusable   N/A       N/A         3

Dungeon Overview and Level Annotations

Branches:
Dungeon (10/15)            Temple (1/1) D:5
   Lair: D:8-11         Orc: D:9-12

Altars:
Ashenzari
Cheibriados
Dithmenos
Elyvilon
Fedhas
Gozag
Hepliaklqana
Kikubaaqudgha
Makhleb
Nemelex Xobeh
Okawaru
Qazlal
Ru
Sif Muna
Uskayaw
Vehumet
Wu Jian
Xom
Yredelemnul
Zin
The Shining One

Annotations:
D:9 Snorg


Innate Abilities, Weirdness & Mutations

You cannot be hasted, slowed, berserked, paralysed or teleported.
You can dig through walls and to a lower floor.
You have a pair of large antennae on your head. (SInv)
Your four strong arms can wield two-handed weapons with a shield.
You are partially covered in iridescent scales. (AC +2)
You are somewhat resistant to further mutation.
Your muscles are strong. (Str +4, Int/Dex -1)
You occasionally lose the ability to drink potions when taking damage.


Message History

You feel better. The orc wizard completely misses you. Snorg misses you.
You block Snorg's attack. Snorg barely misses you.
The orc wizard casts a spell.
The orc wizard flickers and vanishes for a moment.
Your life force feels restored.
You slice Snorg!!
Snorg is heavily wounded.
You slash the orc wizard!
You kill the orc wizard!
Makhleb accepts your kill. You block Snorg's attack.
Snorg claws you but does no damage. You block Snorg's attack.
You closely miss Snorg.
Snorg is moderately wounded.
You block Snorg's attack. Snorg claws you. Snorg misses you.
You closely miss Snorg.
Snorg is moderately wounded.
Snorg closely misses you. You block Snorg's attack. Snorg misses you.
You slash Snorg!
Snorg is heavily wounded.
You block Snorg's attack. Snorg completely misses you. Snorg barely misses you.
Snorg goes berserk!
You barely miss Snorg.
Snorg is heavily wounded.
Snorg closely misses you. x2; You block Snorg's attack.
You slice Snorg!!
Snorg is severely wounded.
You block Snorg's attack. x2; Snorg misses you.
Snorg closely misses you. Snorg claws you! x2
You completely miss Snorg.
Snorg is severely wounded.
You block Snorg's attack. Snorg claws you. Snorg claws you!
You feel threatened and lose the ability to drink potions!
* * * LOW HITPOINT WARNING * * *
You barely miss Snorg.
Snorg is severely wounded.
Snorg bites you!
* * * LOW HITPOINT WARNING * * *
Snorg claws you but does no damage. You block Snorg's attack. Snorg bites you!
You die...

..##.###.###....####.........####
.###.# #.# #.....# ##.......## #
###..# #.# ####..# ##.....## #.##
#.######..# ##...## #.#
#.........# ##'## #.# #########.#
#.# ###.# ##.### #.# ....# #)T..#
##.## ##### #)@#.# ##...#######
#)(#.# #.....#.....
#..#.###....##.###.
#.......#..###.###.
#.##.#.###.........
#.##.##.#..###.#### #.##.###.#.#
#.#### #....# ###.# #..... ######
#.# ######


You could see Snorg (berserk).

Vanquished Creatures
  Erolcha (D:9)
  A komodo dragon (D:10)
  Grinder (D:2)
  Sigmund (D:2)
  4 wraiths
  A steam dragon (D:8)
  An acid dragon (D:9)
  3 sky beasts
  4 orc warriors
  An ice beast (D:6)
  2 black bears
  A centaur (D:8)
  A phantom (D:4)
  2 kobold brigands
  4 bullfrogs
  2 gnoll sergeants
  A scorpion (D:5)
  8 wights
  3 killer bees (D:9)
  4 electric eels (D:10)
  3 hounds
  2 jellies (D:6)
  7 orc priests
  2 sleepcaps
  Jessica (D:3)
  2 iguanas
  Natasha (thrice) (D:3)
  10 orc wizards
  7 gnolls
  10 adders
  A shadow imp (D:6)
  2 white imps
  An ufetubus (D:4)
  A worm (D:5)
  A dart slug (D:1)
  40 orcs
  7 endoplasms
  4 giant cockroaches
  8 goblins
  7 hobgoblins
  11 kobolds
  A quokka (D:2)
  6 ball pythons
  2 bats
  6 frilled lizards
  6 rats
197 creatures vanquished.

Notes
Turn   | Place    | Note
-------+----------+-------------------------------------------
     0 | D:1      | Shard1697 the Formicid Fighter began the quest for the Orb.
     0 | D:1      | Reached XP level 1. HP: 18/18 MP: 1/1
   138 | D:1      | Reached XP level 2. HP: 24/24 MP: 2/2
   229 | D:1      | Reached skill level 3 in Axes
   236 | D:1      | Reached XP level 3. HP: 29/29 MP: 3/3
   953 | D:2      | Reached skill level 4 in Axes
   953 | D:2      | Reached XP level 4. HP: 35/35 MP: 4/4
  1129 | D:2      | Noticed Sigmund
  1140 | D:2      | Killed Sigmund
  1141 | D:2      | Reached skill level 5 in Axes
  1141 | D:2      | Reached XP level 5. HP: 35/41 MP: 5/5
  1141 | D:2      | Reached XP level 6. HP: 41/47 MP: 6/6
  1217 | D:2      | Identified the +1 leather armour of Apathy {rElec Dex+4}
  1230 | D:2      | Reached skill level 6 in Axes
  1443 | D:3      | Noticed Grinder
  1451 | D:2      | Gained mutation: You occasionally lose the ability to drink
                  | potions when taking damage. [potion of mutation]
  1451 | D:2      | Gained mutation: You are partially covered in iridescent
                  | scales. (AC +2) [potion of mutation]
  1451 | D:2      | Gained mutation: Your muscles are strong. (Str +4, Int/Dex
                  | -1) [potion of mutation]
  1451 | D:2      | Gained mutation: You are somewhat resistant to further
                  | mutation. [potion of mutation]
  1469 | D:2      | Killed Grinder
  1470 | D:2      | Reached XP level 7. HP: 20/55 MP: 7/7
  1758 | D:3      | Noticed Jessica
  1871 | D:3      | Noticed Natasha
  1878 | D:3      | Killed Jessica
  1885 | D:3      | Killed Natasha
  1901 | D:3      | Found a shimmering blue altar of Sif Muna.
  2297 | D:3      | Noticed Natasha
  2304 | D:3      | Killed Natasha
  2491 | D:3      | Noticed Natasha
  2493 | D:3      | Killed Natasha
  2494 | D:3      | Reached skill level 5 in Fighting
  2535 | D:4      | Reached skill level 7 in Axes
  2849 | D:4      | Reached XP level 8. HP: 59/64 MP: 8/8
  3420 | D:5      | Entered Level 5 of the Dungeon
  3433 | D:5      | Found a shimmering altar of Xom.
  3614 | D:5      | Found a staircase to the Ecumenical Temple.
  3661 | Temple   | Entered the Ecumenical Temple
  3751 | Temple   | Became a worshipper of Makhleb the Destroyer
  3910 | D:5      | Got the Incunable of Evil Wounds
  3972 | D:5      | Reached skill level 1 in Invocations
  4051 | D:5      | Got Silogier's Vellum of the Brume
  4469 | D:6      | Reached skill level 8 in Axes
  4782 | D:6      | Reached * piety under Makhleb
  4783 | D:6      | Reached XP level 9. HP: 50/72 MP: 9/11
  4874 | D:6      | Found a large runed translucent door.
  4874 | D:6      | Found a large runed translucent door.
  4911 | D:6      | Found a snail-covered altar of Cheibriados.
  4923 | D:6      | Found a blossoming altar of Fedhas.
  5100 | D:7      | Reached skill level 9 in Axes
  5202 | D:7      | HP: 1/74 [orc warrior/+0 dire flail (19)]
  5723 | D:7      | Found an ornate altar of the Wu Jian Council.
  5843 | D:7      | Found an iron altar of Okawaru.
  6435 | D:8      | Found a white marble altar of Elyvilon.
  6459 | D:8      | Reached skill level 5 in Shields
  6903 | D:8      | Reached XP level 10. HP: 70/82 MP: 13/13
  7019 | D:8      | Found a hide-covered altar of Uskayaw.
  7179 | D:8      | Reached ** piety under Makhleb
  7325 | D:8      | Reached skill level 5 in Invocations
  7500 | D:9      | Reached skill level 10 in Axes
  7971 | D:9      | Identified the +9 falchion of the Toadstool {freeze,
                  | Fragile rN+ rCorr MP+9 Stlth+}
  8074 | D:9      | Noticed Erolcha
  8084 | D:9      | Killed Erolcha
  8519 | D:10     | Entered Level 10 of the Dungeon
  8533 | D:10     | Reached *** piety under Makhleb
  8545 | D:10     | Reached skill level 10 in Fighting
  8831 | D:10     | Noticed a komodo dragon
  8837 | D:10     | Noticed Snorg
  8841 | D:10     | Noticed a two-headed ogre
  8842 | D:10     | Killed a komodo dragon
  8843 | D:10     | Reached skill level 11 in Axes
  8843 | D:10     | Reached XP level 11. HP: 62/89 MP: 15/15
  8855 | D:9      | Slain by Snorg

Illustrated notes

Levels and vault maps discovered:
D:1:      tarquinn_simple_flora_water_d, layout_loops_ring, minmay_tall_x
D:2:      layout_loops_ring, uniq_sigmund
D:3:      layout_loops_ring, tgw_sif, minmay_misc_feat_room, uniq_natasha,
          uniq_grinder
D:4:      layout_loops_corners, chequers_serial_rivers_small_b
D:5:      layout_basic, mainiacjoe_overflow_alcove_4, minmay_temple_entry_glass
D:6:      layout_basic, jmf_multi_god_temple2
D:7:      layout_layer_cave, kennysheep_okawaru_gauntlet,
          mainiacjoe_overflow_six_doors_small, st_stairs_14, grunt_ministairs_7,
          nrook_mini_vaults
D:8:      layout_basic, mainiacjoe_overflow_boulevard,
          nicolae_overflow_crystal_walls, hex_large, lightli_orcish_oven
D:9:      layout_loops_corners, uniq_erolcha
D:10:     layout_basic, trog_book, uniq_snorg
Temple:   nicolae_temple_god_jail

Skill      XL: |  1  2  3  4  5  6  7  8  9 10 |
---------------+-------------------------------+-----
Axes           | 3 4 5 6 7 8 9 11 | 11.0
Fighting       | 4 5 7 8 10 | 10.0
Invocations    | 2 4 6 |  6.5
Shields        | 5 7 |  7.5
Armour         | |  3.2

Action                     |  1- 3 |  4- 6 |  7- 9 | 10-12 || total
---------------------------+-------+-------+-------+-------++-------
  Melee: War axe           |    77 |    32 |   283 |   183 ||   575
Ability: Dig               |       |       |       |     2 ||     2
  Evoke: Wand              |       |       |     4 |     5 ||     9
    Use: Potion            |       |     2 |       |     5 ||     7
         Scroll            |       |     1 |    10 |       ||    11
 Armour: Scale mail        |    18 |     6 |    49 |       ||    73
         Chain mail        |       |       |    12 |    37 ||    49
         Plate armour      |       |       |       |    22 ||    22
  Dodge: Dodged            |    60 |    13 |   201 |   124 ||   398
  Block: Buckler           |    21 |     5 |    36 |       ||    62
         Kite shield       |       |       |    84 |   113 ||   197

Table legend: (Time is in decaauts)
 A = Elapsed time spent in this place.
 B = Non-inter-level travel time spent in this place.
 C = Inter-level travel time spent in this place.
 D = Time resting spent in this place.
 E = Time spent auto-exploring this place.
 F = Levels seen in this place.
 G = Mean time per level.
                   A        B        C        D        E       F      G
               +--------+--------+--------+--------+--------+-----+--------+
         Total |   8965 |   8740 |    225 |   1135 |   5913 |  11 |  815.0 |
       Dungeon |   8853 |   8628 |    225 |   1109 |   5913 |  10 |  885.3 |
        Temple |    112 |    112 |      0 |     26 |      0 |   1 |  112.0 |
               +--------+--------+--------+--------+--------+-----+--------+

Top non-repeatable levels by time:
     D:7: 1478 daAuts
     D:9: 1215 daAuts
     D:8: 1041 daAuts
     D:4: 923 daAuts
     D:3: 916 daAuts
     D:2: 848 daAuts
     D:1: 785 daAuts
     D:5: 768 daAuts
     D:6: 673 daAuts
    D:10: 202 daAuts
  Temple: 112 daAuts
